 Dungeon Crawl Stone Soup version 0.29.1-15-g9cfb28693d (webtiles) character file.

Game seed: 1967844554010045263

25 Eitelfritz the Slasher (level 2, -11/25 HPs)
             Began as a Minotaur Gladiator on Apr 28, 2023.
             Killed by nerve-wracking pain
             ... invoked by Jessica
              (14 damage)
             ... on level 2 of the Dungeon.
             The game lasted 00:01:19 (808 turns).

Eitelfritz the Slasher (Minotaur Gladiator)          Turns: 808, Time: 00:01:23

Health: -11/25     AC:  3    Str: 18    XL:     2   Next: 86%
Magic:  1/1        EV: 12    Int:  5    God:
Gold:   47         SH:  0    Dex: 11    Spells: 1/1 levels left

rFire   . . .      SeeInvis .   a - +0 long sword
rCold   . . .      Faith    .   (no shield)
rNeg    . . .      Spirit   .   k - +0 leather armour
rPois   .          Reflect  .   c - +0 hat
rElec   .          Harm     .   (no cloak)
rCorr   .          Rampage  .   (no gloves)
Will    .....                   (no boots)
Stlth   +.........              (no amulet)
HPRegen 0.08/turn               (no ring)
MPRegen 0.07/turn               (no ring)

@: no status effects
A: horns 2, retaliatory headbutt
a: no special abilities


You were on level 2 of the Dungeon.
You visited 1 branch of the dungeon, and saw 2 of its levels.

You collected 47 gold pieces.

Inventory:

Hand Weapons
 a - a +0 long sword (weapon)
 b - a +0 sling
Missiles
 d - 3 throwing nets (quivered)
 e - a javelin
 m - 2 poisoned darts
Armour
 c - a +0 hat (worn)
 k - a +0 leather armour (worn)
Scrolls
 f - 3 scrolls of amnesia {unknown}
 h - a scroll of teleportation {unknown}
 i - a scroll of vulnerability {unknown}
 j - a scroll of fog {unknown}
 l - a scroll of identify {unknown}
Potions
 g - a potion of heal wounds {unknown}


   Skills:
 + Level 2.6 Fighting
 + Level 4.2 Long Blades
 + Level 2.0 Throwing
 + Level 0.6 Armour
 + Level 3.7 Dodging


You had one spell level left.
You didn't know any spells.
Your spell library was empty.

Dungeon Overview and Level Annotations

Branches:
Dungeon (2/15)

Altars:

Annotations:
D:2 Jessica


Innate Abilities, Weirdness & Mutations

You have a pair of horns on your head.
You reflexively headbutt those who attack you in melee.


Message History

HP restored.
Found an escape hatch in the ceiling.
Jessica and an endoplasm come into view.
Found a scroll labelled YLOWKE WUXOWN.
Jessica shouts!
Jessica casts a spell.
Jessica blinks!
a - a +0 long sword (weapon)
A quokka and a rat come into view.
Jessica misses you.
You barely miss Jessica. Your headbutt misses Jessica.
The endoplasm barely misses you. You furiously retaliate!
You headbutt the endoplasm!
You kill the endoplasm!
Jessica hits you but does no damage.
A kobold comes into view. It is wielding a +0 club.
You barely miss Jessica.
The kobold shouts!
Jessica mumbles something strange.
Jessica gestures wildly while chanting.
Jessica seems to speed up.
You barely miss Jessica. Jessica hits you with a +0 dagger.
Jessica gestures at you while chanting. Pain shoots through your body!
The quokka bites you.
You closely miss Jessica. Jessica hits you with a +0 dagger.
Jessica hits you but does no damage. The quokka bites you. The rat bites you.
You barely miss Jessica. You headbutt Jessica!
Jessica is severely wounded.
Jessica hits you with a +0 dagger.
* * * LOW HITPOINT WARNING * * *
The quokka completely misses you. You furiously retaliate!
You headbutt the quokka.
You kill the quokka!
The rat closely misses you.
The kobold throws a stone.
The stone barely misses you.
Jessica gestures wildly.
Jessica gestures at you while chanting. Pain shoots through your body!
Ouch! That really hurt!
You die...

# ..... # ..... #
.....## # .......## #
#......# # #..K...# .#
# #.....@# #.# #
#....r@# #.# #
#......######.# #
###...........######.##
#..................##
#..........<.......##
##.................##
#.................##
##########........##
#........##


You could see Jessica (fast), a kobold and a rat.

Vanquished Creatures
  A worm (D:2)
  4 bats (D:1)
  2 endoplasms
  2 giant cockroaches (D:1)
  3 goblins
  4 hobgoblins (D:1)
  A quokka (D:2)
  2 frilled lizards (D:1)
  A rat (D:1)
20 creatures vanquished.

Notes
Turn   | Place    | Note
-------+----------+-------------------------------------------
     0 | D:1      | Eitelfritz the Minotaur Gladiator began the quest for the
                  | Orb.
     0 | D:1      | Reached XP level 1. HP: 18/18 MP: 0/0
    73 | D:1      | Reached XP level 2. HP: 17/25 MP: 1/1
   185 | D:1      | Reached skill level 4 in Long Blades
   800 | D:2      | Noticed Jessica
   808 | D:2      | Killed from afar by Jessica

Illustrated notes

Levels and vault maps discovered:
D:1:      scummos_arrival_simple_crosswalls, layout_rooms
D:2:      layout_basic, minmay_pentomino_o2, uniq_jessica

Skill      XL: |  1  2 |
---------------+-------+-----
Long Blades    | 4 |  4.2
Fighting       | |  2.6
Throwing       | |  2.0
Armour         | |  0.6
Dodging        | |  3.7

Action                   || total
-------------------------++-------
Melee: Long sword        ||    29
       Headbutt          ||     3
       Punch             ||     1
 Fire: Sling             ||    13
Armor: Leather armour    ||    11
Dodge: Dodged            ||    26
